 Dungeon Crawl Stone Soup version 0.17-a0-2215-g49c1de0 (webtiles) character file.

425 Duffy the Vexing (level 7, 48/48 HPs)
             Began as a Formicid Enchanter on Oct 27, 2015.
             Quit the game on level 3 of the Dungeon.
             The game lasted 00:07:49 (4412 turns).

Duffy the Vexing (Formicid Enchanter)               Turns: 4412, Time: 00:07:50

Health: 48/48      AC:  6    Str: 12    XL:     7   Next: 18%
Magic:  10/10      EV: 12    Int: 15    God:
Gold:   271        SH:  0    Dex: 13    Spells: 4 memorised, 2 levels left

rFire  . . .     SeeInvis +     v - +0 glaive (curse)
rCold  . . .     Clarity  .     b - +1 robe
rNeg   . . .     SustAt   .     (no shield)
rPois  +         Gourm    .     (helmet unavailable)
rElec  .         Spirit   .     w - +0 cloak
rCorr  .         Warding  .     q - +1 pair of gloves
rMut   .         Stasis   +     (no boots)
MR     .....                    (no amulet)
Stlth  +++.......               (no ring)
                                t - ring of poison resistance

@: not resistant to hostile enchantments, fairly stealthy
A: permanent stasis, dig shafts and tunnels, four strong arms, antennae 3
a: Dig, Shaft Self


You were on level 3 of the Dungeon.
You were not hungry.

You visited 1 branch of the dungeon, and saw 3 of its levels.

You collected 271 gold pieces.


Innate Abilities, Weirdness & Mutations

You are under a permanent stasis effect.
You can dig through walls and to a lower floor.
Your four strong arms can wield two-handed weapons with a shield.
You have a pair of large antennae on your head (SInv).


   Skills:
 - Level 1.5 Fighting
 - Level 2.0 Short Blades
 - Level 1.7 Dodging
 + Level 5.7 Stealth
 - Level 2.5 Spellcasting
 + Level 7.3 Hexes


You had 2 spell levels left.
You knew the following spells:

 Your Spells              Type           Power        Failure   Level  Hunger
a - Ensorcelled Hibernat  Hex/Ice        ##....       10%         2    ###....
c - Confuse               Hex            ###.....     3%          3    ###....
r - Corona                Hex            ###....      1%          1    #......
t - Tukima's Dance        Hex            ###.....     3%          3    ###....

Inventory:

Hand Weapons
 a - a +1 dagger
 u - a +3 quarterstaff of chaos
 v - a cursed +0 glaive (weapon)
 x - a +0 blowgun
Missiles
 o - 6 javelins (quivered)
 y - 4 poisoned needles
Armour
 b - a +1 robe (worn)
 q - a +1 pair of gloves (worn)
 w - a +0 cloak (worn)
Jewellery
 t - a ring of poison resistance (left hand)
Scrolls
 l - a scroll of fog
Potions
 f - 2 potions of agility
 g - a potion of might {unknown}
 h - a potion of curing
 k - a potion of flight
 n - 3 potions of resistance
 s - a potion of invisibility
Books
 c - a book of Maledictions
Comestibles
 d - 3 bread rations
 i - a royal jelly
 r - a chunk of flesh

Dungeon Overview and Level Annotations

Branches:
Dungeon (3/15)

Altars:
Ashenzari
Okawaru


Message History

Items here: ( )) † a club; a hunting sling; 5 stones; a goblin corpse The helpless goblin fails to defend itself.
You impale the goblin!!
You kill the goblin!
Items here: ( )) † a club; a hunting sling; 5 stones; a goblin corpse You butcher the goblin corpse.
r - a chunk of flesh
Things that are here:
a club; a hunting sling; 5 stones You see here a glowing glaive.
v - a glowing glaive Wield which item (- for none, * to show all)? (? for menu, Esc to quit)
It sticks to your hand!
v - a cursed +0 glaive (weapon)
Read which item? (? for menu, Esc to quit)
As you read the scroll labeled YPPESU VAGG, it crumbles to dust.
The scroll dissolves into smoke.
It was a scroll of fog.
Read which item? (? for menu, Esc to quit)
As you read the scroll labeled WOGUOBBIASI, it crumbles to dust.
It is a scroll of enchant armour.
Enchant which item? (? for menu, Esc to quit)
Your +0 pair of gloves glows green for a moment.
Read which item? (? for menu, Esc to quit)
As you read the scroll labeled ASUVVITSAACH, it crumbles to dust.
It is a scroll of recharging.
You aren't carrying any rechargeable items.
Read which item? (? for menu, Esc to quit)
As you read the scroll labeled VUNUYB UVUIWN, it crumbles to dust.
You feel aware of your surroundings.
It was a scroll of magic mapping.
Read which item? (? for menu, Esc to quit)
As you read the scroll labeled LIG OKOMEMIDUJONN, it crumbles to dust.
You smell salt.
It was a scroll of random uselessness.
Are you sure you want to abandon this character and quit the game? (Confirm with "yes".)

* #.# #.# *
#.# #.# *
#.# #.# #.#
#.# #.# #.#
#.# #.###
#†# #...#
#§######.##
#§§@§§....#
#§#########
###


There were no monsters in sight!

Action                   |  1- 3 |  4- 6 |  7- 9 || total
-------------------------+-------+-------+-------++-------
Melee: Dagger            |   119 |   101 |    34 ||   254
Throw: Javelin           |     2 |       |       ||     2
 Cast: Confuse           |     3 |     2 |       ||     5
       Ensorcelled Hiber |       |    25 |    15 ||    40
 Abil: Dig               |       |     1 |       ||     1
  Use: Scroll            |       |     5 |     5 ||    10
 Stab: Sleeping          |     6 |    26 |    12 ||    44
       Confused          |     3 |     1 |       ||     4
  Eat: Chunk             |     2 |     9 |     4 ||    15

Notes
Turn   | Place    | Note
--------------------------------------------------------------
     0 | D:1      | Duffy the Formicid Enchanter began the quest for the Orb.
     0 | D:1      | Reached XP level 1. HP: 13/13 MP: 3/3
    72 | D:1      | Reached XP level 2. HP: 10/19 MP: 5/5
    79 | D:1      | Reached skill level 4 in Hexes
    98 | D:1      | Learned a level 2 spell: Ensorcelled Hibernation
   651 | D:1      | Reached XP level 3. HP: 21/24 MP: 6/6
   770 | D:1      | Reached skill level 2 in Short Blades
   775 | D:1      | Learned a level 3 spell: Confuse
  1176 | D:2      | Found a shattered altar of Ashenzari.
  1426 | D:2      | Noticed Sigmund
  1445 | D:2      | Killed Sigmund
  1445 | D:2      | Reached skill level 7 in Hexes
  1445 | D:2      | Reached XP level 4. HP: 20/30 MP: 0/7
  1445 | D:2      | Reached XP level 5. HP: 23/35 MP: 0/8
  1445 | D:2      | Reached XP level 6. HP: 26/41 MP: 0/9
  1562 | D:2      | Learned a level 3 spell: Tukima's Dance
  1721 | D:2      | Reached skill level 4 in Stealth
  2026 | D:2      | Found an iron altar of Okawaru.
  2513 | D:2      | Noticed Crazy Yiuf
  2533 | D:2      | Killed Crazy Yiuf
  3376 | D:3      | Reached skill level 1 in Fighting
  3376 | D:3      | Reached skill level 5 in Stealth
  3744 | D:3      | Reached XP level 7. HP: 48/48 MP: 10/10
  4078 | D:3      | Noticed Natasha
  4085 | D:3      | Killed Natasha
  4324 | D:3      | Noticed Natasha
  4327 | D:3      | Killed Natasha
  4412 | D:3      | Quit the game

Vault maps used:
D:1:      sevenhm_arrival_forest_fort_large_2
D:2:      okawaru_trees_2, lemuel_doored_altar, grunt_ministairs_6,
          hangedman_decor_push, uniq_crazy_yiuf_cottage, uniq_sigmund
D:3:      uniq_natasha

Vanquished Creatures
  Sigmund
  2 orc wizards Crazy Yiuf
  A crimson imp Natasha (twice)
  2 adders
  An ooze
  3 worms
  A giant gecko
  7 orcs
  8 bats
  4 giant cockroaches
  12 hobgoblins
  3 jackals
  6 giant newts
  8 goblins
  12 kobolds
  9 rats
83 creatures vanquished.
